 Dungeon Crawl Stone Soup version 0.20.0-4-g10b340a (webtiles) character file.

1972 ghjk the Cleaver (level 9, -15/82 HPs)
             Began as a Minotaur Berserker on May 27, 2017.
             Was a Believer of Trog.
             Demolished by a three-headed hydra (17 damage)
             ... on level 10 of the Dungeon.
             The game lasted 00:05:20 (2786 turns).

ghjk the Cleaver (Minotaur Berserker)               Turns: 2786, Time: 00:05:21

Health: -15/82     AC:  2    Str: 25    XL:     9   Next: 0%
Magic:  8/8        EV: 14    Int:  4    God:    Trog [**....]
Gold:   138        SH:  0    Dex: 10    Spells: 8/8 levels left

rFire    . . .     SeeInvis .   t - +0 broad axe
rCold    . . .     Gourm    .   (no shield)
rNeg     . . .     Faith    .   b - +0 animal skin
rPois    .         Spirit   .   (helmet restricted)
rElec    .         Reflect  .   (no cloak)
rCorr    .         Harm     .   (no gloves)
MR       .....                  (no boots)
Stlth    +.........             (no amulet)
Regen    0.3/turn               (no ring)
MPRegen  0.2/turn               (no ring)

@: no status effects
A: retaliatory headbutt, horns 2
a: Berserk, Trog's Hand, Burn Spellbooks, Renounce Religion


You were on level 10 of the Dungeon.
You worshipped Trog.
Trog was pleased with you.
You were hungry.

You visited 1 branch of the dungeon, and saw 9 of its levels.

You collected 138 gold pieces.

Inventory:

Hand Weapons
 a - a +0 hand axe
 t - a +0 broad axe (weapon)
Armour
 b - a +0 animal skin (worn)
Jewellery
 e - an uncursed ring of positive energy {unknown}
 m - a +5 ring of protection {unknown}
Wands
 o - a wand of polymorph (13/24)
 r - a wand of flame (31/48)
Scrolls
 f - 2 scrolls of identify {unknown}
 j - a scroll of magic mapping {unknown}
 l - a scroll of blinking {unknown}
 p - a scroll of fog {unknown}
 q - a scroll of enchant armour {unknown}
Potions
 d - a potion of lignification {unknown}
 g - a potion of flight {unknown}
 i - 2 potions of berserk rage {unknown}
 n - a potion of mutation {unknown}
 s - a potion of cancellation {unknown}
Comestibles
 c - 12 fruits
 h - 4 royal jellies
 k - a meat ration


   Skills:
 + Level 8.8 Fighting
 + Level 10.2 Axes
 + Level 3.4 Armour
 + Level 5.7 Dodging


You had 8 spell levels left.
You didn't know any spells.

Dungeon Overview and Level Annotations

Branches:
Dungeon (10/15)              Lair (0/6) D:8             Orc (0/2) D:10
 Temple: D:4-7

Altars:
Elyvilon
Nemelex Xobeh
Okawaru
Ru
Yredelemnul
Zin

Annotations:
D:8 2 transporters


Innate Abilities, Weirdness & Mutations

You reflexively headbutt those who attack you in melee.
You have a pair of horns on your head.


Message History

There are monsters nearby!
There are monsters nearby!
There is an open gate here.
The two-headed hydra bites you! The two-headed hydra bites you.
You slash the plant!
The plant is lightly damaged.
You lop one of the two-headed hydra's heads off!
The one-headed hydra grows two more!
You slash the three-headed hydra! The three-headed hydra bites you.
The three-headed hydra bites you! x2
* * * LOW HITPOINT WARNING * * *
Unknown command.
Unknown command.
You enter the shallow water.
Moving in this stuff is going to be slow.
The three-headed hydra bites you!
* * * LOW HITPOINT WARNING * * *
The three-headed hydra bites you!
* * * LOW HITPOINT WARNING * * *
The three-headed hydra bites you!
You die...

###.......######........#
####'#### ######'### #.#
#..# #.# #.## #.#
############# #.##
#>##.....#..# #..#
#..#≈....'..#
########.######..#..P..'..#
.....)...÷..÷..)@DK....'..#
########.#########.....#.(#
#.# #≈.P≈P##'# #.#
#P≈≈≈≈#.%# #.# #PP≈P.+).#
#+# ##########


You could see a three-headed hydra and a big kobold.

Vanquished Creatures
  2 dream sheep (D:10)
  A wyvern (D:10)
  2 yaks (D:10)
  Menkaure (D:7)
  An ice beast (D:5)
  2 phantoms
  An ogre (D:10)
  A centaur (D:10)
  2 big kobolds (D:10)
  A jelly (D:10)
  A killer bee (D:7)
  A howler monkey (D:7)
  A quasit (D:6)
  A bullfrog skeleton (D:8)
  An orc priest (D:5)
  A centaur skeleton (D:7)
  3 hounds
  4 iguanas
  Natasha (D:2)
  A hound skeleton (D:8)
  An adder (D:5)
  An adder skeleton (D:8)
  A leopard gecko (D:7)
  6 orcs
  A goblin (D:2)
39 creatures vanquished.

Notes
Turn   | Place    | Note
-------+----------+-------------------------------------------
     0 | D:1      | ghjk the Minotaur Berserker began the quest for the Orb.
     0 | D:1      | Reached XP level 1. HP: 19/19 MP: 0/0
     4 | D:2      | Noticed Natasha
     8 | D:2      | Killed Natasha
     8 | D:2      | Reached skill level 4 in Axes
     8 | D:2      | Reached XP level 2. HP: 23/27 MP: 1/1
    51 | D:3      | Reached XP level 3. HP: 27/33 MP: 2/2
    70 | D:4      | Found a sacrificial altar of Ru.
   292 | D:5      | Entered Level 5 of the Dungeon
   299 | D:5      | Reached XP level 4. HP: 29/41 MP: 3/3
   315 | D:5      | Noticed an ice beast
   322 | D:5      | Killed an ice beast
   322 | D:5      | Reached skill level 5 in Fighting
   322 | D:5      | Reached skill level 5 in Axes
   322 | D:5      | Reached XP level 5. HP: 40/48 MP: 4/4
   374 | D:5      | Found a glowing silver altar of Zin.
   625 | D:7      | Found a white marble altar of Elyvilon.
   626 | D:7      | Found a basalt altar of Yredelemnul.
   627 | D:7      | Noticed Menkaure
   905 | D:7      | Reached XP level 6. HP: 47/57 MP: 5/5
   908 | D:7      | Killed Menkaure
   908 | D:7      | Reached skill level 6 in Axes
   925 | D:7      | Found an iron altar of Okawaru.
   957 | D:7      | Reached skill level 7 in Axes
   957 | D:7      | Reached XP level 7. HP: 36/64 MP: 6/6
  1051 | D:8      | Found a staircase to the Lair.
  1304 | D:8      | Found a sparkling altar of Nemelex Xobeh.
  1305 | D:8      | Noticed a centaur warrior
  1365 | D:8      | You fall through a shaft for 2 floors!
  1365 | D:10     | Entered Level 10 of the Dungeon
  1436 | D:10     | Reached ** piety under Trog
  1543 | D:10     | Noticed a wyvern
  1552 | D:10     | Killed a wyvern
  1552 | D:10     | Reached skill level 8 in Axes
  1747 | D:10     | Reached XP level 8. HP: 32/74 MP: 7/7
  1971 | D:10     | Found a staircase to the Orcish Mines.
  2494 | D:10     | Noticed a dream sheep
  2504 | D:10     | Killed a dream sheep
  2504 | D:10     | Reached skill level 9 in Axes
  2504 | D:10     | Reached skill level 5 in Dodging
  2556 | D:10     | Noticed a dream sheep
  2574 | D:10     | Killed a dream sheep
  2574 | D:10     | Reached skill level 10 in Axes
  2703 | D:10     | Reached XP level 9. HP: 55/82 MP: 8/8
  2776 | D:10     | Noticed a two-headed hydra
  2786 | D:10     | HP: 2/82 [three-headed hydra (7)]
  2786 | D:10     | Demolished by a three-headed hydra

Skill      XL: |  1  2  3  4  5  6  7  8 |
---------------+-------------------------+-----
Fighting       | 4 5 6 7 8 |  8.8
Axes           | 4 5 7 8 10 | 10.2
Dodging        | 3 4 5 |  5.7
Armour         | 3 |  3.4

Action                   |  1- 3 |  4- 6 |  7- 9 || total
-------------------------+-------+-------+-------++-------
Melee: Hand axe          |    21 |    53 |    48 ||   122
       Headbutt          |     5 |     7 |    15 ||    27
       Broad axe         |       |       |    38 ||    38
Invok: Berserk           |       |     2 |     4 ||     6
       Burn Spellbooks   |       |       |     1 ||     1
  Eat: Chunk             |       |     2 |     1 ||     3
       Fruit             |       |       |     2 ||     2
       Royal jelly       |       |       |     1 ||     1
       Bread ration      |       |       |     1 ||     1
Armor: Animal skin       |     1 |     8 |     6 ||    15
Dodge: Dodged            |    14 |    34 |    53 ||   101
